Map: King's Cove LE

Players

Astrea

  • Race: Protoss Protoss
  • League: Grandmaster
  • Spawn Location: 11:00

Cham - Winner!

  • Race: Zerg Zerg
  • League: Master
  • Spawn Location: 5:00

Event: 2019 WCS Winter Americas

VOD

Have the link to the VOD?

Description

Time

  • Played on: April 6, 2019, 11:05 a.m.
  • Length: 15:37

All games in this series

Show
View Real Time Build Order
Export as new Build Order

Astrea Protoss 

Build Orders: Nexus First, Colossus Rush 

Get SALT Encoding   

  12  0:00  Probe  
  13  0:12  Probe  
  14  0:19  Pylon  
  14  0:25  Probe  
  15  0:33  Probe  
  15  0:41  Probe  
  17  0:51  Probe  
  18  1:02  Nexus  
  18  1:05  Probe  
  19  1:14  Probe  
  19  1:16  Gateway  
  19  1:22  Probe, Assimilator  
  20  1:30  Assimilator  
  21  1:32  Probe  
  21  1:39  Pylon  
  22  1:45  Probe  
  23  1:57  Probe  
  24  2:03  Cybernetics Core  
  24  2:10  Probe  
  24  2:11  Zealot  
  24  2:12  Probe  
  28  2:20  Probe  
  28  2:22  Probe  
  29  2:29  Probe, Stalker  
  30  2:34  Probe  
  32  2:41  Warp Gate  
  32  2:43  Probe  
  35  2:47  Probe  
  35  2:49  Stargate  
  36  2:55  Probe  
  36  2:59  Probe, Sentry  
  36  3:05  Pylon  
  39  3:07  Probe  
  39  3:11  Probe  
  41  3:19  Probe  
  42  3:20  Void Ray  
  42  3:24  Probe  
  43  3:31  Probe  
  48  3:36  Probe  
  48  3:40  Nexus  
  49  3:43  Probe  
  49  3:46  Pylon  
  49  3:48  Probe  
  51  3:55  Probe  
  51  3:58  Void Ray  
  51  4:00  Probe  
  51  4:02  Pylon  
  53  4:08  Probe  
  53  4:09  Shield Battery  
  58  4:10  Phoenix  
  58  4:12  Probe  
  58  4:16  Assimilator  
  59  4:17  Assimilator  
  59  4:20  Probe  
  59  4:23  Robotics Facility  
  60  4:24  Probe  
  61  4:31  Sentry  
  61  4:32  Probe  
  61  4:35  Forge  
  61  4:36  Probe  
  65  4:44  Probe  
  66  4:48  Probe  
  66  4:50  Pylon  
  66  4:51  Probe, Pylon  
  68  4:56  Probe  
  68  4:57  Sentry  
  68  4:59  Probe  
  71  5:01  Probe  
  71  5:04  Probe  
  73  5:07  Probe  
  73  5:09  Probe  
  73  5:12  Probe  
  76  5:14  Warp Prism  
  76  5:15  Probe  
  76  5:16  Robotics Bay  
  76  5:18  Robotics Facility, Probe  
  80  5:22  Probe  
  80  5:23  Assimilator  
  80  5:25  Assimilator  
  80  5:27  Probe  
  83  5:28  Protoss Ground Weapons Level 1  
  83  5:30  Probe, Pylon  
  83  5:34  Probe  
  85  5:39  Probe  
  85  5:42  Probe  
  87  5:47  Probe  
  87  5:49  Colossus  
  88  5:50  Colossus  
  88  5:51  Probe  
  88  5:52  Gateway  
  88  5:54  Gateway  
  88  5:55  Gateway  
  88  5:56  Zealot  
  95  6:01  Probe  
  95  6:03  Phoenix  
  96  6:08  Extended Thermal Lance  
  96  6:11  Photon Cannon  
  104  6:15  Gateway  
  104  6:16  Gateway  
  104  6:26  Twilight Council  
  104  6:30  Gateway  
  104  6:31  Gateway  
  104  6:36  Zealot  
  106  6:48  Sentry  
  108  6:55  Pylon  
  108  6:57  Pylon x2  
  108  6:58  Pylon  
  108  7:10  Charge  
  108  7:12  Void Ray  
  108  7:14  Stalker x2  
  108  7:15  Colossus  
  122  7:17  Stalker x4  
  122  7:20  Observer  
  131  7:33  Pylon  
  131  7:38  Nexus  
  131  7:42  Colossus  
  131  7:44  Protoss Ground Weapons Level 2  
  137  7:49  Zealot x2  
  141  7:51  Zealot x4  
  141  7:55  Pylon x2  
  141  7:57  Photon Cannon  
  149  8:00  Pylon  
  149  8:08  Photon Cannon  
  149  8:10  Pylon  
  149  8:12  Void Ray  
  149  8:15  Templar Archives  
  153  8:22  Stalker x5  
  153  8:23  Stalker  
  153  8:25  Stalker  
  164  8:45  Stalker x4  
  172  8:54  Zealot x3  
  172  8:55  Void Ray  
  174  9:06  Stalker  
  174  9:09  Stalker x3  
  124  9:30  Stalker x4  
  124  9:31  Stalker  
  124  9:37  High Templar x2, Zealot  
  130  9:40  Psionic Storm  
  130  9:42  Probe x3, Archon  
  133  9:46  Colossus  
  133  9:49  Observer  
  103  9:54  Probe  
  103  9:56  Colossus  
  104  10:00  Observer  
  104  10:02  Zealot x7  
  124  10:13  Probe x3  
  127  10:15  Assimilator x2  
  127  10:24  High Templar  
  127  10:25  High Templar  
  131  10:30  Zealot x6  
  131  10:34  Blink  
  141  10:56  Void Ray  
  131  10:58  Stalker x6  
  131  10:59  Protoss Ground Armor Level 1, Zealot x2  
  147  11:10  Observer  
  153  11:18  Observer  
  153  11:25  Zealot x3, Stalker  
  159  11:26  Stalker x4  
  169  11:42  Gateway  
  169  11:43  Gateway  
  165  11:49  Void Ray  
  153  12:00  Fleet Beacon, Stargate  
  151  12:08  High Templar x2, Zealot x3  
  155  12:09  Zealot x3  
  155  12:11  Protoss Air Weapons Level 1  
  156  12:44  Stalker  
  156  12:46  Tempest x2  
  142  13:07  Observer  
  143  13:13  High Templar x4  
  143  13:14  Zealot x6  
  161  13:22  Tempest  
  161  13:23  Tempest  
  161  13:24  Photon Cannon, Nexus  
  161  13:28  Photon Cannon  
  161  13:29  Photon Cannon  
  161  13:30  Pylon  
  171  13:35  Pylon  
  171  13:38  Stalker x4  
  171  13:39  Stalker x2  
  169  13:57  Photon Cannon  
  169  13:59  Photon Cannon  
  169  14:01  Shield Battery  
  169  14:04  High Templar x2  
  169  14:05  Tempest x2  
  174  14:19  Archon  
  174  14:22  Stalker x7  
  169  14:41  High Templar x3, Tempest  
  169  14:45  Probe x4, Assimilator  
  175  14:48  Tempest  
  175  14:49  Assimilator  
  124  15:15  Stalker x5  
  130  15:21  Zealot  
  130  15:22  Zealot x2  
Show
View Real Time Build Order
Export as new Build Order

Cham Zerg - Winner!

Build Orders: Hatch First, Brood Lord Corruptor 

Get SALT Encoding   

  12  0:01  Drone  
  13  0:10  Drone  
  14  0:17  Overlord  
  14  0:35  Drone  
  14  0:36  Drone  
  16  0:49  Hatchery  
  15  0:52  Drone  
  15  0:56  Drone  
  17  1:00  Drone  
  18  1:11  Extractor  
  18  1:16  Spawning Pool  
  17  1:18  Drone  
  17  1:22  Drone  
  18  1:32  Drone  
  19  1:42  Overlord  
  19  1:51  Drone  
  20  2:01  Drone  
  21  2:03  Queen x2  
  21  2:04  Zergling x2  
  26  2:13  Metabolic Boost  
  26  2:16  Zergling x2  
  26  2:17  Drone  
  28  2:23  Drone x2  
  30  2:34  Drone x2  
  32  2:44  Hatchery  
  31  2:49  Queen  
  33  2:56  Drone  
  33  2:57  Overlord  
  34  3:03  Drone x2  
  36  3:07  Overlord  
  36  3:16  Drone x5  
  36  3:19  Overlord  
  41  3:24  Drone x2  
  43  3:31  Queen  
  45  3:35  Queen  
  45  3:39  Drone x2  
  49  3:42  Drone  
  50  3:48  Drone x2  
  50  3:49  Drone x3  
  50  3:52  Drone  
  50  3:53  Drone  
  57  3:56  Drone  
  57  3:57  Drone  
  57  4:02  Overlord  
  59  4:04  Drone  
  59  4:09  Drone  
  61  4:13  Lair  
  61  4:15  Overlord  
  61  4:16  Drone  
  62  4:18  Extractor  
  62  4:19  Extractor x2, Drone x2  
  62  4:23  Drone x4  
  65  4:33  Queen, Drone  
  65  4:34  Evolution Chamber  
  65  4:36  Drone x2, Baneling Nest  
  68  4:38  Drone  
  68  4:40  Drone  
  68  4:42  Overlord  
  68  4:44  Drone x2  
  72  4:46  Overlord  
  72  4:48  Drone  
  73  4:53  Overlord  
  73  4:54  Overlord  
  73  4:58  Extractor x2  
  71  5:00  Overlord x2  
  71  5:06  Zerg Melee Weapons Level 1  
  71  5:08  Drone x2  
  71  5:09  Drone x2  
  75  5:14  Drone x3  
  75  5:17  Hydralisk Den, Drone x2  
  75  5:18  Drone x2  
  75  5:20  Zergling x2  
  82  5:22  Zergling x4  
  82  5:26  Centrifical Hooks  
  83  5:34  Hatchery  
  82  5:36  Zergling x2  
  82  5:37  Overlord  
  82  5:38  Zergling x2  
  82  5:39  Zergling x2  
  82  5:40  Zergling x2  
  82  5:41  Hatchery  
  86  5:47  Grooved Spines  
  85  5:54  Drone x3  
  86  5:59  Drone, Hydralisk x2  
  91  6:06  Drone x2, Hydralisk  
  91  6:07  Hydralisk  
  91  6:09  Overlord  
  97  6:12  Hydralisk  
  97  6:13  Drone x2  
  97  6:16  Drone x3  
  104  6:20  Hydralisk  
  104  6:22  Overlord  
  104  6:23  Drone x2  
  108  6:27  Overlord, Hydralisk x2  
  112  6:36  Overlord, Hydralisk x2  
  116  6:40  Infestation Pit  
  116  6:43  Baneling x3  
  116  6:44  Baneling  
  116  6:46  Overlord, Hydralisk  
  117  6:51  Overlord  
  117  6:53  Drone x6  
  123  6:55  Extractor  
  123  6:57  Extractor  
  123  6:58  Muscular Augments  
  123  7:00  Hydralisk x3  
  126  7:04  Hydralisk x2  
  129  7:09  Hydralisk x3  
  129  7:12  Hydralisk  
  135  7:16  Zerg Melee Weapons Level 2  
  135  7:18  Overlord  
  135  7:19  Zergling x4  
  135  7:20  Zergling x2  
  138  7:23  Hydralisk x2  
  138  7:25  Hydralisk  
  138  7:27  Zergling x2  
  138  7:29  Zergling x4  
  147  7:30  Baneling  
  147  7:31  Baneling x5  
  147  7:32  Zergling x2  
  147  7:35  Zergling x2  
  147  7:36  Hive  
  149  7:40  Spire, Drone  
  149  7:46  Drone x4  
  153  7:56  Zergling x4, Hatchery  
  153  7:57  Overlord  
  154  7:59  Zergling x8  
  154  8:00  Zergling x4  
  160  8:09  Hydralisk x2  
  160  8:10  Zergling x4  
  160  8:11  Baneling x3  
  160  8:12  Baneling x10  
  166  8:14  Zergling x4  
  166  8:16  Hydralisk  
  166  8:17  Zergling x2  
  171  8:20  Baneling x5  
  171  8:23  Hydralisk x2  
  171  8:24  Zergling x2  
  176  8:33  Hydralisk  
  175  8:34  Zergling x2  
  176  8:42  Baneling x4  
  176  8:43  Baneling x5  
  176  8:50  Overlord  
  176  8:52  Overlord x2  
  176  8:53  Overlord  
  176  8:54  Adrenal Glands, Greater Spire  
  176  9:02  Hydralisk x2  
  167  9:03  Zergling x16  
  167  9:04  Zergling x2  
  167  9:05  Zergling x8  
  167  9:08  Zergling x12  
  166  9:17  Zergling x6  
  166  9:18  Zergling x10  
  166  9:23  Zergling x2  
  166  9:24  Zergling x2  
  158  9:28  Hydralisk x2  
  158  9:30  Baneling x2  
  158  9:31  Hydralisk, Baneling x7  
  147  9:35  Hydralisk x2  
  147  9:36  Hydralisk x3  
  147  9:38  Corruptor  
  159  9:43  Corruptor  
  159  9:44  Corruptor  
  161  9:52  Corruptor x2, Zergling x2  
  138  9:54  Corruptor  
  138  9:55  Zergling x2  
  138  9:57  Zergling x2  
  138  9:58  Zergling x2  
  134  10:00  Zergling x4  
  134  10:03  Zerg Melee Weapons Level 3  
  134  10:04  Zergling x4  
  139  10:07  Zergling x6  
  139  10:09  Hydralisk  
  139  10:10  Zergling x4  
  139  10:13  Corruptor  
  147  10:16  Overseer  
  147  10:20  Brood Lord  
  147  10:21  Brood Lord  
  151  10:22  Zergling x6  
  151  10:24  Baneling x2  
  151  10:25  Baneling x2  
  151  10:26  Zergling x2  
  151  10:27  Zergling x2  
  151  10:28  Zergling x4  
  158  10:29  Baneling x3  
  158  10:30  Baneling  
  158  10:41  Brood Lord  
  158  10:42  Zergling x2  
  161  10:43  Zergling x14  
  161  10:44  Zergling x8  
  169  10:51  Corruptor x2  
  169  10:55  Brood Lord  
  171  11:06  Brood Lord x2  
  167  11:15  Brood Lord  
  169  11:18  Zerg Flyer Weapons Level 1  
  169  11:22  Extractor, Spore Crawler  
  169  11:23  Extractor, Drone x3  
  169  11:24  Spine Crawler, Drone x3  
  169  11:25  Spine Crawler  
  170  11:26  Spine Crawler  
  170  11:27  Brood Lord  
  170  11:28  Zergling x6  
  174  11:33  Corruptor  
  174  11:34  Zergling x16  
  184  11:46  Hydralisk x3  
  180  11:47  Zergling x4  
  186  11:56  Baneling x6  
  186  11:57  Baneling x6  
  183  12:01  Corruptor x3  
  183  12:04  Zergling x12  
  195  12:10  Corruptor x2  
  199  12:19  Baneling x2  
  199  12:29  Corruptor x3  
  197  12:36  Corruptor x2  
  200  12:51  Baneling x10  
  192  13:06  Zerg Missile Weapons Level 1  
  192  13:11  Brood Lord x4  
  200  13:13  Zerg Flyer Armor Level 1  
  198  13:26  Drone  
  192  13:43  Infestor x3  
  192  13:44  Infestor x2  
  192  13:46  Pathogen Glands  
  194  14:06  Hatchery  
  193  14:10  Corruptor x3  
  198  14:21  Corruptor  
  198  14:22  Corruptor x3  
  198  14:24  Corruptor x3  
  192  14:26  Corruptor  
  192  14:29  Corruptor  
  192  14:30  Zergling x4  
  192  14:31  Zergling x24  
  194  14:39  Corruptor x3  
  194  14:44  Spine Crawler  
  199  14:46  Spine Crawler  
  198  14:55  Spine Crawler  
  198  14:56  Corruptor  
  198  14:57  Zergling x2  
  198  14:58  Baneling  
  200  15:01  Spine Crawler  
  200  15:04  Corruptor  
  200  15:05  Corruptor  
  192  15:11  Zergling x20  
Tags
 
Add a new tag
Caveats
  • Supply blocks, unpowered buildings, or Contaminate may cause inaccurate times.
  • Supply counts are checked every 10 seconds.